 Dungeon Crawl Stone Soup version 0.31-a0-1620-gcbf77bbcfc (webtiles) character file.

Game seed: 6106828525700787780

170 Adjacent the Slasher (level 5, -1/40 HPs)
             Began as a Human Warper on Jan 11, 2024.
             Killed by nerve-wracking pain
             ... invoked by an orc priest
              (8 damage)
             ... on level 4 of the Dungeon.
             The game lasted 00:10:05 (3499 turns).

Adjacent the Slasher (Human Warper)                 Turns: 3499, Time: 00:10:06

Health: -1/40      AC:  5    Str: 11    XL:     5   Next: 50%
Magic:  8/8        EV: 11    Int: 13    God:
Gold:   152        SH:  0    Dex: 15    Spells: 3/8 levels left

rFire   . . .        h - +0 dagger (drain)
rCold   . . .        (no shield)
rNeg    . . .        n - +0 ring mail
rPois   .            (no helmet)
rElec   .            (no cloak)
rCorr   .            (no gloves)
SInv    .            (no boots)
Will    .....        (no amulet)
Stlth   +            (no ring)
HPRegen 0.26/turn    (no ring)
MPRegen 0.11/turn

%: no passive effects
@: no status effects
A: explore regen
a: no special abilities


You were on level 4 of the Dungeon.
You visited 1 branch of the dungeon, and saw 5 of its levels.

You collected 152 gold pieces.

Inventory:

Hand Weapons
 a - a +0 falchion
 h - a +0 dagger of draining (weapon)
Missiles
 d - 7 darts of dispersal
 m - 17 poisoned darts (quivered)
 t - 6 boomerangs
 u - 6 javelins
Armour
 n - a +0 ring mail (worn)
 x - a +0 ring mail
Scrolls
 c - 3 scrolls of blinking
 g - a scroll of torment {unknown}
 j - a scroll of silence {unknown}
 l - 4 scrolls of identify {unknown}
 o - a scroll of fog {unknown}
 p - a scroll of enchant weapon {unknown}
 q - 2 scrolls of fear {unknown}
 r - 2 scrolls of teleportation {unknown}
 s - a scroll of noise {unknown}
 v - a scroll of amnesia {unknown}
Potions
 b - 2 potions of curing {unknown}
 e - a potion of haste {unknown}
 f - a potion of mutation {unknown}
 i - a potion of heal wounds {unknown}
 k - a potion of degeneration {unknown}
 w - a potion of enlightenment {unknown}


   Skills:
 + Level 2.9 Fighting
 * Level 3.5 Long Blades
 + Level 2.1 Throwing
 - Level 1.0 Armour
 * Level 2.5 Dodging
 + Level 2.4 Stealth
 - Level 2.0 Spellcasting
 - Level 3.0 Translocations


You had 3 spell levels left.
You knew the following spells:

 Your Spells              Type           Power      Damage    Failure   Level
a - Blink                 Tloc           18%        N/A       26%         2
b - Teleport Other        Tloc           9%         N/A       45%         3

Your spell library contained the following spells:

 Spells                   Type           Power      Damage    Failure   Level
 Lesser Beckoning         Tloc           18%        N/A       26%         2
 Freeze                   Ice            4%         1d3       52%         1
 Sandblast                Erth           2%         2d4       52%         1
 Frozen Ramparts          Ice            2%         1d1       87%         3
 Hailstorm                Conj/Ice       1%         3d5       87%         3
 Passwall                 Erth           1%         N/A       87%         3
 Stone Arrow              Conj/Erth      2%         3d7       87%         3
 Manifold Assault         Tloc           9%         N/A       86%         4
 Vhi's Electric Charge    Tloc/Air       10%        N/A       97%         4
 Brom's Barrelling Bould  Conj/Erth      1%         2d3       99%         4


Dungeon Overview and Level Annotations

Branches:
Dungeon (5/15)
 Temple: D:4-7

Altars:

Annotations:
D:3 1 runed translucent door, Drazool's ghost, amateur BaFi


Innate Abilities, Weirdness & Mutations

You regain HP and MP as you explore.


Message History

You are too injured to fight recklessly!
You are too injured to fight recklessly!
You are too injured to fight recklessly!
You are too injured to fight recklessly!
You are too injured to fight recklessly!
You hit the orc priest.
The orc priest is severely wounded.
The orc priest completely misses you.
You hit the orc priest but do no damage.
The orc priest is severely wounded.
The orc priest begins to cast a cantrip, but forgets the words!
You completely miss the orc priest.
The orc priest is severely wounded.
The orc priest completely misses you.
You hit the orc priest. You drain the orc priest.
The orc priest is almost dead.
The orc priest closely misses you.
You hit the orc priest but do no damage.
The orc priest is almost dead.
The orc priest barely misses you.
You hit the orc priest but do no damage.
The orc priest is almost dead.
The orc priest mumbles some strange prayers to Beogh against you.
Beogh smites you!
* * * LOW HITPOINT WARNING * * *
You closely miss the orc priest.
The orc priest is almost dead.
The orc priest hits you but does no damage.
You closely miss the orc priest.
The orc priest is almost dead.
You barely miss the orc priest.
The orc priest is almost dead.
The orc priest mumbles some strange prayers to Beogh against you.
Pain shoots through your body!
* * * LOW HITPOINT WARNING * * *
You completely miss the orc priest.
The orc priest is almost dead.
The orc priest mumbles some strange prayers to Beogh against you.
Pain shoots through your body!
You die...

.... #. ##8.....8###...
....##.###.........##.รท.
##......#8.........8#...
........'...........'...
........#8.........8#...
.......###.........##...
.......#.##8.....8##..W.
.......<..##.....#####..
.......@...##8.8##...#..
.......o....##+##.......
#.#........#... #<.W#...
# #.....#..# .# ##..#...
...##.....# . #.(..#.
#..# ##....# ##..##. #..
#....# ...#.. .. #....#
...### ...#


You could see an orc priest (very drained).

Vanquished Creatures
  Natasha (twice) (D:4 D:3)
  3 adders
  3 dart slugs
  4 ribbon worms
  3 orcs (D:3)
  8 ball pythons
  6 endoplasms
  3 giant cockroaches
  5 goblins
  6 hobgoblins
  3 jackals (D:3)
  4 quokkas
  6 bats
  2 frilled lizards
  8 kobolds
  7 rats
73 creatures vanquished.

Notes
Turn   | Place    | Note
-------+----------+-------------------------------------------
     0 | D:1      | Adjacent the Human Warper began the quest for the Orb.
     0 | D:1      | Reached XP level 1. HP: 16/16 MP: 3/3
   220 | D:1      | Reached XP level 2. HP: 14/22 MP: 5/5
   309 | D:1      | Found a faded altar of an unknown god.
   795 | D:1      | Reached XP level 3. HP: 23/25 MP: 6/6
  1332 | D:2      | Reached skill level 1 in Stealth
  1538 | D:2      | Learned a level 2 spell: Blink
  1542 | D:2      | Learned a level 3 spell: Teleport Other
  1559 | D:2      | You fall into a shaft and drop 1 floor!
  1692 | D:2      | Reached XP level 4. HP: 34/34 MP: 7/7
  1963 | D:3      | Noticed Drazool's ghost (amateur BaFi)
  1969 | D:3      | Found a runed translucent door.
  3112 | D:4      | Noticed Natasha
  3130 | D:4      | Killed Natasha
  3131 | D:4      | Reached XP level 5. HP: 17/39 MP: 8/8
  3244 | D:5      | Entered Level 5 of the Dungeon
  3274 | D:5      | Noticed a phantom
  3310 | D:4      | Noticed a phantom
  3395 | D:4      | Noticed Natasha
  3402 | D:3      | Killed Natasha
  3499 | D:4      | Killed from afar by an orc priest

Illustrated notes

Levels and vault maps discovered:
D:1:      dpeg_arrival_rhombi, layout_basic, dreamdust_ecumenical_altar_grove,
          hangedman_feature_mirror, st_stairs_10, minivault_11,
          chequers_serial_rivers_large_b, nicolae_figureground_sparkle
D:2:      layout_basic
D:3:      layout_loops_ring, gammafunk_ghost_grave
D:4:      layout_cave_pools, nzn_wu_jian_contemplation,
          mainiacjoe_overflow_alcove_2, dk_noncrumbling_4, uniq_ijyb,
          uniq_edmund, uniq_natasha
D:5:      layout_loops_cross, serial_shops, nicolae_shop_tiny_real_fake_doors,
          minivault_4

Skill      XL: |  1  2  3  4 |
---------------+-------------+-----
Stealth        | 1 2 |  2.4
Long Blades    | 3 |  3.5
Throwing       | 2 |  2.1
Fighting       | |  2.9
Armour         | |  1.0
Dodging        | |  2.5
Spellcasting   | |  2.0
Translocations | |  3.0

Action                     |  1- 3 |  4- 6 || total
---------------------------+-------+-------++-------
  Melee: Falchion          |    71 |       ||    71
         Punch             |     2 |     2 ||     4
         Dagger            |    79 |   162 ||   241
  Throw: Dart              |     3 |     1 ||     4
    Use: Scroll            |       |     1 ||     1
   Stab: Sleeping          |     1 |       ||     1
 Armour: Leather armour    |    20 |       ||    20
         Chain mail        |    71 |       ||    71
         Ring mail         |    27 |   108 ||   135
  Dodge: Dodged            |    75 |    90 ||   165

Table legend: (Time is in decaauts)
 A = Elapsed time spent in this place.
 B = Non-inter-level travel time spent in this place.
 C = Inter-level travel time spent in this place.
 D = Time resting spent in this place.
 E = Time spent auto-exploring this place.
 F = Levels seen in this place.
 G = Mean time per level.
                   A        B        C        D        E       F      G
               +--------+--------+--------+--------+--------+-----+--------+
         Total |   3523 |   3178 |    345 |    697 |   1701 |   5 |  704.6 |
       Dungeon |   3523 |   3178 |    345 |    697 |   1701 |   5 |  704.6 |
               +--------+--------+--------+--------+--------+-----+--------+

Top non-repeatable levels by time:
     D:3: 1247 daAuts
     D:1: 1100 daAuts
     D:2: 791 daAuts
     D:4: 340 daAuts
     D:5: 43 daAuts
